 Dungeon Crawl Stone Soup version 0.24-a0-462-ge24419a6ad (webtiles) character file.

Game seed: 12773619562209449186

112 Kuinu the Skirmisher (level 4, -3/61 HPs)
             Began as a Draconian Berserker on July 1, 2019.
             Was a Believer of Trog.
             Slain by a centaur (8 damage)
             ... on level 3 of the Dungeon.
             The game lasted 00:04:50 (2014 turns).

Kuinu the Skirmisher (Draconian Berserker)          Turns: 2014, Time: 00:04:51

Health: -3/61      AC:  6    Str: 24    XL:     4   Next: 64%
Magic:  4/4        EV: 13    Int:  7    God:    Trog [**....]
Gold:   142        SH:  0    Dex: 12    Spells: 3/3 levels left

rFire    . . .     SeeInvis .   a - +0 falchion
rCold    . . .     Gourm    .   (no shield)
rNeg     . . .     Faith    +   (armour unavailable)
rPois    .         Spirit   .   (helmet restricted)
rElec    .         Reflect  .   (no cloak)
rCorr    .         Harm     .   f - +0 pair of gloves
MR       ++...                  (no boots)
Stlth    ..........             g - amulet of faith
HPRegen  1.20/turn              (no ring)
MPRegen  0.09/turn              (no ring)

@: berserking (expiring), regenerating, very quick
A: unfitting armour, cold-blooded, AC +5
a: Berserk, Trog's Hand, Renounce Religion


You were on level 3 of the Dungeon.
You worshipped Trog.
Trog was pleased with you.
You were very hungry.

You visited 1 branch of the dungeon, and saw 3 of its levels.

You collected 142 gold pieces.

Inventory:

Hand Weapons
 a - a +0 falchion (weapon)
Armour
 f - a +0 pair of gloves (worn)
Jewellery
 g - an amulet of faith (around neck)
Scrolls
 d - 2 scrolls of amnesia {unknown}
 e - 4 scrolls of identify {unknown}
 h - a scroll of immolation {unknown}
 i - a scroll of enchant armour {unknown}
 k - a scroll of remove curse {unknown}
 l - 3 scrolls of teleportation {unknown}
Potions
 j - a potion of curing {unknown}
Comestibles
 b - 6 rations
 c - 3 chunks of flesh


   Skills:
 * Level 4.3 Fighting
 * Level 4.0 Long Blades
 * Level 3.6 Dodging


You had 3 spell levels left.
You didn't know any spells.
Your spell library was empty.

Dungeon Overview and Level Annotations

Branches:
Dungeon (3/15)

Altars:


Innate Abilities, Weirdness & Mutations

Your plain brown scales are hard. (AC +5)
You cannot fit into any form of body armour.
You are cold-blooded and may be slowed by cold attacks.


Message History

You feel yourself moving faster!
You feel mighty!
You are feeling very hungry.
The centaur shoots an arrow.
The arrow hits you.
* * * LOW HITPOINT WARNING * * *
The centaur shoots an arrow.
The arrow barely misses you.
You feel a strong urge to attack something.
The centaur shoots an arrow.
The arrow hits you!
* * * LOW HITPOINT WARNING * * *
You see here an arrow.
The centaur unwields a +0 shortbow.
The centaur hits you but does no damage.
You closely miss the centaur. You slash the centaur!
Your tail-slap misses the centaur.
The centaur is heavily wounded.
The centaur closely misses you.
You riposte.
You barely miss the centaur.
The centaur is heavily wounded.
You hit the centaur.
The centaur is severely wounded.
The centaur hits you!
You die...

##### ### #...# # #.+
#...# # #.# #...#
####.####### #...#
'........... +...+
####'###### #.c.# #
#......###+###@..#
#......##...((...#
#.....)##....(...#
##..........(....#
#......#(..(.....#
#......#.#'#######
###......+...# ####+###
#.'......#...# #.......
#.#......#...####.......


You could see a centaur.

Vanquished Creatures
  Robin (D:2)
  2 adders (D:2)
  An ooze (D:1)
  2 worms
  A dart slug (D:1)
  An orc (D:3)
  6 bats
  4 giant cockroaches
  16 goblins
  8 hobgoblins
  6 jackals
  A quokka (D:2)
  4 frilled lizards
  5 kobolds
  9 rats
67 creatures vanquished.

Notes
Turn   | Place    | Note
-------+----------+-------------------------------------------
     0 | D:1      | Kuinu the Draconian Berserker began the quest for the Orb.
     0 | D:1      | Reached XP level 1. HP: 19/19 MP: 1/1
   134 | D:1      | Reached XP level 2. HP: 17/26 MP: 2/2
   366 | D:1      | Reached XP level 3. HP: 18/33 MP: 3/3
   366 | D:1      | Reached ** piety under Trog
   893 | D:2      | Noticed Robin
   904 | D:2      | Killed Robin
   904 | D:2      | Reached XP level 4. HP: 39/40 MP: 4/4
  1745 | D:3      | Found a faded altar of an unknown god.
  1776 | D:3      | Reached *** piety under Trog
  2004 | D:3      | Noticed a centaur
  2010 | D:3      | HP: 2/61 [centaur/arrow (7)]
  2014 | D:3      | Slain by a centaur

Levels and vault maps discovered:
D:1:      evilmike_arrival_run_for_it, layout_loops_cross
D:2:      kennysheep_big_flooded_room, layout_basic, minivault_11,
          kennysheep_generic_room_7, uniq_robin
D:3:      layout_basic, chequers_ecumenical_altar_grove

Skill      XL: |  1  2  3  4 |
---------------+-------------+-----
Dodging        | 3 |  3.6
Fighting       | 4 |  4.3
Long Blades    | 4 |  4.0

Action                   |  1- 3 |  4- 6 || total
-------------------------+-------+-------++-------
Melee: Falchion          |    97 |    78 ||   175
       Tailslap          |    16 |    13 ||    29
Invok: Berserk           |     1 |     1 ||     2
       Trog's Hand       |     1 |     1 ||     2
 Stab: Sleeping          |     3 |       ||     3
  Eat: Chunk             |     1 |     4 ||     5
Armor: Skin              |    24 |    29 ||    53
Dodge: Dodged            |    72 |    66 ||   138
       Rpst.: Falchion   |    26 |    18 ||    44

Table legend:
 A = Non-vault XP
 B = Vault XP
 C = Vault XP percentage of total XP
 D = Non-vault monster count
 E = Vault monster count
 F = Vault count percentage of total count
                 A         B        C        D         E       F
            +---------+---------+-------+---------+---------+-------
      Total |     105 |      56 |  34.8 |      52 |      15 |  22.4
            +---------+---------+-------+---------+---------+-------
        D:1 |      53 |       5 |   8.6 |      29 |       1 |   3.3
        D:2 |      24 |      51 |  68.0 |      10 |      14 |  58.3
        D:3 |      28 |       0 |   0.0 |      13 |       0 |   0.0
            +---------+---------+-------+---------+---------+-------
